 Dungeon Crawl Stone Soup version 0.31-a0-844-gdc52ec4e09 (webtiles) character file.

Game seed: 1078574337056215061

572 CrazyBamboolord the Digger (level 7, -2/40 HPs)
             Began as a Gargoyle Earth Elementalist on Sept 28, 2023.
             Was an Initiate of Vehumet.
             Slain by Pikel
             ... wielding a +2 whip of flaming
              (9 damage)
             ... on level 5 of the Dungeon.
             The game lasted 00:09:34 (4242 turns).

CrazyBamboolord the Digger (GrEE)                   Turns: 4242, Time: 00:09:35

Health: -2/40      AC:  8    Str: 11    XL:     7   Next: 34%
Magic:  0/12       EV: 12    Int: 18    God:    Vehumet [......]
Gold:   175        SH:  0    Dex: 12    Spells: 7/13 levels left

rFire   + . .        b - +0 hammer of the Evening {heavy, rCorr Dex+2}
rCold   . . .        (no shield)
rNeg    + . .        e - +0 robe
rPois   ∞            l - +1 hat
rElec   +            q - +0 cloak
rCorr   +            (no gloves)
SInv    .            (no boots)
Will    .....        (no amulet)
Stlth   ++           d - ring of protection from fire
HPRegen 0.26/turn    (no ring)
MPRegen 0.13/turn

%: no passive effects
@: no status effects
A: sickness immunity, AC +4, negative energy resistance 1, electricity
resistance, torment resistance 1, petrification resistance
a: Renounce Religion


You were on level 5 of the Dungeon.
You worshipped Vehumet.
Vehumet was noncommittal.
You visited 2 branches of the dungeon, and saw 6 of its levels.
You also visited: Sewer.

You collected 175 gold pieces.

Inventory:

Hand Weapons
 a - a +2 short sword of venom
 b - the +0 hammer of the Evening (weapon) {heavy, rCorr Dex+2}
   (You found it on level 4 of the Dungeon)

   Dex+2:     It affects your dexterity (+2).
   rCorr:     It protects you from acid and corrosion.
Armour
 e - a +0 robe (worn)
 l - a +1 hat (worn)
 q - a +0 cloak (worn)
Magical Staves
 f - a staff of fire
Jewellery
 d - a ring of protection from fire (left hand)
Wands
 k - a wand of paralysis (3)
Scrolls
 g - a scroll of amnesia
 j - 8 scrolls of teleportation
Potions
 c - a potion of enlightenment {unknown}
 h - a potion of cancellation {unknown}
 m - 2 potions of mutation {unknown}
 o - 2 potions of ambrosia
 s - a potion of degeneration {unknown}


   Skills:
 + Level 2.4 Fighting
 * Level 3.2 Dodging
 + Level 3.5 Stealth
 * Level 3.5 Spellcasting
 + Level 2.2 Conjurations
 + Level 1.9 Transmutations
 * Level 5.4 Earth Magic


You had 7 spell levels left.
You knew the following spells:

 Your Spells              Type           Power      Damage    Failure   Level
a - Sandblast             Erth           44%        2d11      1%          1
b - Passwall              Tmut/Erth      13%        N/A       4%          2
c - Stone Arrow           Conj/Erth      32%        3d9       10%         3

Your spell library contained the following spells:

 Spells                   Type           Power      Damage    Failure   Level
 Brom's Barrelling Bould  Conj/Erth      16%        2d4       32%         4
 Petrify                  Tmut/Erth      16%        N/A       32%         4
 Tukima's Dance           Hex            3%         N/A       43%         3
 Iskenderun's Mystic Bla  Conj/Tloc      7%         2d4       67%         4
 Dimensional Bullseye     Hex/Tloc       1%         N/A       83%         4


Dungeon Overview and Level Annotations

Branches:
Dungeon (5/15)             Temple (1/1) D:4           Sewer (visited)

Altars:
Cheibriados
Dithmenos
Elyvilon
Fedhas
Gozag
Kikubaaqudgha
Makhleb
Okawaru
Ru
Trog
Uskayaw
Vehumet
Xom
Zin

Annotations:
D:4 exclusion: 3 doors
D:5 Pikel


Innate Abilities, Weirdness & Mutations

You are immune to sickness and miasma.
Your stone body is resilient. (AC +4)
You are immune to poison.
You resist negative energy. (rN+)
You are resistant to electric shocks. (rElec)
You are resistant to unholy torment.
You are immune to petrification.


Message History

Press: ? - help, Q - select action, (/) - cycle Shift-Dir - straight line, f/p - Pikel
Aim: Pikel, wielding a +2 whip of flaming and wearing a +0 robe (heavily wounded, 79% to hit)
The blast of sand hits Pikel.
Pikel is severely wounded.
Pikel barely misses you. x2
Aiming: Sandblast (safe; 1% risk of failure)
Press: ? - help, Q - select action, (/) - cycle Shift-Dir - straight line, f/p - Pikel
Aim: Pikel, wielding a +2 whip of flaming and wearing a +0 robe (severely wounded, 79% to hit)
The blast of sand hits Pikel but does no damage.
Pikel is severely wounded.
An ufetubus comes into view.
Pikel barely misses you.
Aiming: Sandblast (safe; 1% risk of failure)
Press: ? - help, Q - select action, (/) - cycle Shift-Dir - straight line, f/p - Pikel
Aim: Pikel, wielding a +2 whip of flaming and wearing a +0 robe (severely wounded, 79% to hit)
The blast of sand hits Pikel.
Pikel is severely wounded.
Pikel hits you with a +2 whip of flaming!
Pikel burns you.
Pikel hits you with a +2 whip of flaming!
* * * LOW HITPOINT WARNING * * *
Pikel burns you.
* * * LOW HITPOINT WARNING * * *
Aiming: Sandblast (safe; 1% risk of failure)
Press: ? - help, Q - select action, (/) - cycle Shift-Dir - straight line, f/p - Pikel
Aim: Pikel, wielding a +2 whip of flaming and wearing a +0 robe (severely wounded, 79% to hit)
The blast of sand hits Pikel.
Pikel is almost dead.
A quokka comes into view.
Pikel hits you but does no damage.
Unknown command.
Aiming: Sandblast (safe; 1% risk of failure)
Press: ? - help, Q - select action, (/) - cycle Shift-Dir - straight line, f/p - Pikel
Aim: Pikel, wielding a +2 whip of flaming and wearing a +0 robe (almost dead, 79% to hit)
The blast of sand hits Pikel but does no damage.
Pikel is almost dead.
Pikel closely misses you.
Pikel hits you with a +2 whip of flaming!
You die...
Pikel says, "See you in Hell!"

.......[..........~#
#~~#~##
......##<#.##.....~~~
#~~~~# #...#K#.##........~
#~..### #<..#.##.#######~
##~..... ##.......#
#~~..... ##.#...##
##~~...< #.#.#.## ~##~....
#......######~#~~#~~#~....
###..#...@K55~~~#..~~~..>.
#...######5##[...#.......
#.### ... ##....... #.
..## #....... # ..#
######## #.# .. ##


You could see Pikel, 2 lemures and an ufetubus.

Vanquished Creatures
  2 ogres (D:4)
  A crimson imp (D:4)
  A jelly (D:4)
  A hound (D:4)
  An orc priest (D:4)
  Crazy Yiuf (D:4)
  Terence (D:2)
  An orc wizard (D:4)
  A hell rat (Sewer)
  4 gnolls (D:2)
  3 adders (D:4)
  A river rat (Sewer)
  A shadow imp (D:4)
  2 worms
  3 dart slugs
  5 orcs
  6 ball pythons
  10 endoplasms
  3 giant cockroaches
  10 goblins
  9 hobgoblins
  2 jackals (D:3)
  4 quokkas
  3 bats
  5 kobolds
  8 rats
89 creatures vanquished.

Notes
Turn   | Place    | Note
-------+----------+-------------------------------------------
     0 | D:1      | CrazyBamboolord the Gargoyle Earth Elementalist began the
                  | quest for the Orb.
     0 | D:1      | Reached XP level 1. HP: 10/10 MP: 3/3
    63 | D:1      | Reached XP level 2. HP: 14/15 MP: 0/5
   246 | D:1      | Reached skill level 1 in Transmutations
   390 | D:1      | Reached skill level 4 in Earth Magic
   390 | D:1      | Reached XP level 3. HP: 20/20 MP: 3/6
   549 | D:1      | Learned a level 2 spell: Passwall
   553 | D:1      | Learned a level 3 spell: Stone Arrow
   812 | D:2      | Noticed Terence
   836 | D:2      | Killed Terence
   837 | D:2      | Reached skill level 1 in Fighting
   837 | D:2      | Reached XP level 4. HP: 3/25 MP: 4/7
   961 | D:2      | Reached skill level 1 in Conjurations
  1571 | D:2      | Reached XP level 5. HP: 29/29 MP: 5/9
  2400 | D:4      | Noticed an ogre
  2406 | D:4      | Killed an ogre
  2413 | D:4      | Reached XP level 6. HP: 35/35 MP: 1/10
  2617 | D:4      | Found a runed translucent door.
  2618 | D:4      | Noticed Crazy Yiuf
  2674 | D:4      | HP: 1/35 [Crazy Yiuf/+3 quarterstaff of chaos (10)]
  2677 | D:4      | Killed Crazy Yiuf
  2678 | D:4      | Reached skill level 5 in Earth Magic
  2814 | D:4      | Identified the +0 hammer of the Evening {heavy, rCorr
                  | Dex+2}
  3107 | D:4      | Noticed a yak
  3115 | D:4      | Reached XP level 7. HP: 40/40 MP: 6/12
  3326 | D:4      | Found a staircase to the Ecumenical Temple.
  3362 | D:4      | Found a burning altar of Makhleb.
  3362 | D:4      | Found a shimmering altar of Xom.
  3399 | Temple   | Entered the Ecumenical Temple
  3426 | Temple   | Became a worshipper of Vehumet
  3654 | D:5      | Entered Level 5 of the Dungeon
  3657 | D:5      | Noticed Pikel
  3866 | D:5      | Found a bloodstained altar of Trog.
  3901 | D:5      | Found a glowing drain.
  3910 | Sewer    | Entered a sewer
  4242 | D:5      | Slain by Pikel

Illustrated notes

Levels and vault maps discovered:
D:1:      orjb1_lava_funnel, layout_rooms, minmay_misc_feat_pillars
D:2:      wad_crossroads, layout_basic, roderic_roman_lattice, uniq_terence
D:3:      layout_rooms, kennysheep_generic_room_8
D:4:      layout_cave_pools, grunt_temple_overflow_champion_of_chaos,
          temple_doors_cd, minmay_divided_ellipse, uniq_crazy_yiuf_cottage
D:5:      layout_rooms, trog_butcher_becter, cheibrodos_sewer_entry_bend,
          minmay_manual_mullet, uniq_pikel
Temple:   grunt_temple_mini_profane

Skill      XL: |  1  2  3  4  5  6 |
---------------+-------------------+-----
Transmutations | 1 |  1.9
Earth Magic    | 4 5 |  5.4
Fighting       | 1 2 |  2.4
Dodging        | 2 3 |  3.2
Conjurations   | 1 2 |  2.2
Stealth        | 3 |  3.5
Spellcasting   | 3 |  3.5

Action                     |  1- 3 |  4- 6 |  7- 9 || total
---------------------------+-------+-------+-------++-------
  Melee: Unarmed           |    10 |       |       ||    10
         Short sword       |    10 |     2 |       ||    12
         Mace              |       |     9 |     2 ||    11
   Cast: Sandblast         |    45 |    81 |    44 ||   170
         Passwall          |       |     3 |     2 ||     5
         Stone Arrow       |       |       |     4 ||     4
    Use: Scroll            |     2 |     1 |     6 ||     9
         Potion            |     2 |     4 |       ||     6
 Armour: Robe              |    17 |    53 |    33 ||   103
  Dodge: Dodged            |    31 |    33 |    34 ||    98

Table legend: (Time is in decaauts)
 A = Elapsed time spent in this place.
 B = Non-inter-level travel time spent in this place.
 C = Inter-level travel time spent in this place.
 D = Time resting spent in this place.
 E = Time spent auto-exploring this place.
 F = Levels seen in this place.
 G = Mean time per level.
                   A        B        C        D        E       F      G
               +--------+--------+--------+--------+--------+-----+--------+
         Total |   4348 |   4105 |    243 |    563 |   2653 |   7 |  621.1 |
       Dungeon |   4077 |   3882 |    195 |    475 |   2583 |   5 |  815.4 |
        Temple |     50 |      2 |     48 |      0 |      0 |   1 |   50.0 |
         Sewer |    220 |    220 |      0 |     88 |     70 |   1 |  220.0 |
               +--------+--------+--------+--------+--------+-----+--------+

Top non-repeatable levels by time:
     D:4: 1421 daAuts
     D:2: 1310 daAuts
     D:1: 586 daAuts
     D:3: 539 daAuts
   Sewer: 220 daAuts
     D:5: 219 daAuts
  Temple: 50 daAuts
